 Dungeon Crawl Stone Soup version 0.31.0-32-g396128a36d (webtiles) character file.

Game seed: 3047675081566930808

504 monsoonserge the Ruffian (level 7, -1/52 HPs)
             Began as a Gnoll Shapeshifter on Mar 24, 2024.
             Slain by a jelly (2 damage)
             ... on level 5 of the Dungeon.
             The game lasted 00:08:47 (3168 turns).

monsoonserge the Ruffian (Gnoll Shapeshifter)       Turns: 3168, Time: 00:08:47

Health: -1/52      AC: -5    Str: 15    XL:     7   Next: 17%
Magic:  10/10      EV: 16    Int:  9    God:
Gold:   252        SH:  5    Dex: 18    Spells: 10/10 levels left

rFire   + .          .
                       - Unarmed
rCold   + . .        f - +0 buckler
rNeg    . . .        u - +0 scale mail
rPois   +            g - melded +0 helmet
rElec   +            (cloak currently unavailable)
rCorr   +            (gloves currently unavailable)
SInv    .            (boots currently unavailable)
Will    .....        (no amulet)
Stlth   +            r - +6 ring of dexterity
HPRegen 0.28/turn    G - +5 ring of evasion
MPRegen 0.12/turn

%: no passive effects
@: beast-form, resistant, corroded, attractive
A: beast (slay +3), fangs 1, strong nose, distributed training
a: Begin Untransformation


You were on level 5 of the Dungeon.
You were a hulking beast.
You visited 1 branch of the dungeon, and saw 5 of its levels.

You collected 252 gold pieces.

Inventory:

Missiles
 p - 3 atropa-tipped darts
 x - 6 darts of dispersal
 E - 4 poisoned darts (quivered)
Armour
 f - a +0 buckler (worn)
 g - a +0 helmet (melded)
 j - a +0 ring mail
 u - a +0 scale mail (worn)
Magical Staves
 o - a staff of earth
 B - a staff of death
 F - a staff of alchemy
Jewellery
 r - a +6 ring of dexterity (left hand)
 G - a +5 ring of evasion (right hand)
Talismans
 c - a beast talisman (active)
 d - a flux talisman
Scrolls
 a - 5 scrolls of identify {unknown}
 e - 3 scrolls of teleportation
 i - 3 scrolls of vulnerability {unknown}
 k - a scroll of amnesia {unknown}
 m - a scroll of revelation {unknown}
 n - 2 scrolls of brand weapon {unknown}
 q - a scroll of fog {unknown}
 t - 3 scrolls of enchant weapon {unknown}
 v - a scroll of silence {unknown}
 y - a scroll of enchant armour {unknown}
Potions
 b - 4 potions of lignification
 h - a potion of curing {unknown}
 l - a potion of enlightenment {unknown}
 s - 2 potions of haste {unknown}
 w - a potion of berserk rage {unknown}
 z - a potion of degeneration {unknown}
 A - a potion of attraction
 C - a potion of resistance
 D - a potion of cancellation {unknown}


   Skills:
 + Level 3.5 Fighting
 + Level 2.4 Short Blades
 + Level 2.4 Long Blades
 + Level 2.4 Axes
 + Level 2.4 Maces & Flails
 + Level 2.4 Polearms
 + Level 2.4 Staves
 + Level 2.4 Ranged Weapons
 + Level 2.4 Throwing
 + Level 2.4 Armour
 + Level 5.2 Dodging
 + Level 2.4 Stealth
 + Level 2.4 Shields
 + Level 7.0 Unarmed Combat
 + Level 2.4 Spellcasting
 + Level 2.0 Conjurations
 + Level 2.0 Hexes
 + Level 2.0 Summonings
 + Level 2.0 Necromancy
 + Level 2.0 Translocations
 + Level 2.0 Fire Magic
 + Level 2.0 Ice Magic
 + Level 2.0 Air Magic
 + Level 2.0 Earth Magic
 + Level 2.0 Alchemy
 + Level 2.6 Invocations
 + Level 2.4 Evocations
 + Level 6.9 Shapeshifting


You had 10 spell levels left.
You didn't know any spells.
Your spell library contained the following spells:

 Spells                   Type           Power      Damage    Failure   Level
 Apportation              Tloc           8%         N/A       58%         1
 Ensorcelled Hibernation  Hex/Ice        8%         N/A       73%         2
 Jinxbite                 Hex            8%         N/A       73%         2
 Passwall                 Erth           4%         N/A       91%         3
 Swiftness                Air            4%         N/A       91%         3
 Alistair's Intoxication  Alch           2%         N/A       100%        5
 Yara's Violent Unravell  Hex/Alch       2%         3d3       100%        5
 Enfeeble                 Hex            2%         N/A       100%        7


Dungeon Overview and Level Annotations

Branches:
Dungeon (5/15)
 Temple: D:4-7

Altars:
Qazlal
Xom
Yredelemnul

Annotations:
D:2 Robin


Innate Abilities, Weirdness & Mutations

You are a hulking beast.
Your limbs bulge with bestial killing power. (Slay +3)
You have very sharp teeth.
Your uncanny sense of smell can sniff out nearby items.
Your experience applies equally to all skills.


Message History

There are no items here.
G - a +5 ring of evasion
G - a +5 ring of evasion (right hand)
Found a fuming yellow potion.
A jelly comes into view.
The jelly quivers.
You hear the slow rusting of a drain nearby.
You hit the jelly.
Your hands burn!
The jelly is moderately wounded.
The jelly barely misses you.
You hit the jelly. The acid corrodes you!
Your hands burn!
The jelly is moderately wounded.
The jelly hits you.
You are splashed with acid!
You barely miss the jelly.
The jelly is moderately wounded.
The jelly hits you. The acid corrodes you!
You are splashed with acid!
You barely miss the jelly.
The jelly is moderately wounded.
The jelly hits you.
You are splashed with acid!
You hit the jelly but do no damage.
Your hands burn!
The jelly is moderately wounded.
The jelly hits you.
You are splashed with acid!
* * * LOW HITPOINT WARNING * * *
You hit the jelly. The acid corrodes you!
Your hands burn!
* * * LOW HITPOINT WARNING * * *
The jelly is heavily wounded.
The jelly hits you.
* * * LOW HITPOINT WARNING * * *
You are splashed with acid.
* * * LOW HITPOINT WARNING * * *
Okay, then.
Okay, then.
Okay, then.
It was a potion of attraction.
You feel attractive to monsters. The jelly barely misses you.
It was a potion of resistance.
You feel protected. The jelly hits you.
You die...

# # ###.. # ...... ∆ ##
.#...# #...... ...!#
....### #...# # #.#.#
...# # #..#.#.###
.#######J.#.##.#..#.#.##.
........h.#.##.#..#.#.##.
...............#..#.#.##.
########.................
#..#.####..#.#.##.
####..........#.#.##.
#.....#.#.........##.
#.#.....####..#.#.##.
#.###.#.......#.####.
#.###...####.........


You could see a jelly.

Vanquished Creatures
  The ghost of TerraPolaris the Sneak, a weakling MiBr (D:4)
  A howler monkey (D:3)
  2 hounds
  2 orc priests
  An iguana (D:5)
  Natasha (D:2)
  2 orc wizards
  3 gnolls (D:4)
  7 adders
  2 shadow imps (D:5)
  3 dart slugs
  6 orcs
  12 bats
  5 endoplasms
  3 giant cockroaches
  11 goblins
  11 hobgoblins
  8 jackals
  3 quokkas
  3 ball pythons
  2 frilled lizards (D:1)
  3 kobolds
  4 rats
96 creatures vanquished.

Notes
Turn   | Place    | Note
-------+----------+-------------------------------------------
     0 | D:1      | monsoonserge the Gnoll Shapeshifter began the quest for the
                  | Orb.
     0 | D:1      | Reached XP level 1. HP: 17/17 MP: 1/1
   113 | D:1      | Reached XP level 2. HP: 21/23 MP: 2/2
   302 | D:1      | Reached XP level 3. HP: 28/28 MP: 3/3
   879 | D:2      | Reached skill level 1 in Invocations
  1055 | D:2      | Reached skill level 1 in Short Blades
  1055 | D:2      | Reached skill level 1 in Long Blades
  1055 | D:2      | Reached skill level 1 in Axes
  1055 | D:2      | Reached skill level 1 in Maces & Flails
  1055 | D:2      | Reached skill level 1 in Polearms
  1055 | D:2      | Reached skill level 1 in Staves
  1055 | D:2      | Reached skill level 1 in Ranged Weapons
  1055 | D:2      | Reached skill level 1 in Throwing
  1055 | D:2      | Reached skill level 1 in Armour
  1055 | D:2      | Reached skill level 1 in Stealth
  1055 | D:2      | Reached skill level 1 in Shields
  1055 | D:2      | Reached skill level 1 in Spellcasting
  1055 | D:2      | Reached skill level 1 in Evocations
  1088 | D:2      | Noticed Robin
  1345 | D:2      | Noticed Natasha
  1356 | D:2      | Killed Natasha
  1357 | D:2      | Reached skill level 1 in Conjurations
  1357 | D:2      | Reached skill level 1 in Hexes
  1357 | D:2      | Reached skill level 1 in Summonings
  1357 | D:2      | Reached skill level 1 in Necromancy
  1357 | D:2      | Reached skill level 1 in Translocations
  1357 | D:2      | Reached skill level 1 in Fire Magic
  1357 | D:2      | Reached skill level 1 in Ice Magic
  1357 | D:2      | Reached skill level 1 in Air Magic
  1357 | D:2      | Reached skill level 1 in Earth Magic
  1357 | D:2      | Reached skill level 1 in Alchemy
  1357 | D:2      | Reached XP level 4. HP: 9/34 MP: 5/5
  1671 | D:3      | Found a shimmering altar of Xom.
  1910 | D:3      | Reached XP level 5. HP: 39/40 MP: 7/7
  2004 | D:3      | Found a stormy altar of Qazlal.
  2006 | D:3      | Noticed a fire elemental
  2007 | D:3      | Noticed an air elemental
  2007 | D:3      | Noticed a water elemental
  2236 | D:3      | Reached XP level 6. HP: 47/47 MP: 8/8
  2308 | D:4      | Found a runed translucent door.
  2329 | D:4      | Reached skill level 5 in Dodging
  2343 | D:4      | Noticed TerraPolaris's ghost (weakling MiBr)
  2540 | D:4      | Found a basalt altar of Yredelemnul.
  2972 | D:4      | Killed TerraPolaris's ghost
  3058 | D:5      | Entered Level 5 of the Dungeon
  3094 | D:5      | Reached skill level 7 in Unarmed Combat
  3094 | D:5      | Reached XP level 7. HP: 52/52 MP: 10/10
  3166 | D:5      | HP: 1/52 [acid (6)]
  3168 | D:5      | Slain by a jelly

Illustrated notes

Levels and vault maps discovered:
D:1:      lemuel_arrival_funnel, layout_loops_ring, minmay_hexomino_c4
D:2:      layout_rooms, uniq_robin, uniq_natasha
D:3:      cheibrodos_helix_gallery, layout_basic, xom_teletrap_fun,
          nicolae_qazlal_style_of_elements
D:4:      layout_loops_ring, mainiacjoe_overflow_concentric_impassable,
          ebering_ghost_sewer_d
D:5:      layout_basic, nicolae_uskayaw_dance_hall, serial_shops, shop,
          gup_sewer_entry_pipe

Skill      XL: |  1  2  3  4  5  6  7 |
---------------+----------------------+-----
Invocations    | 1 2 |  2.6
Short Blades   | 1 2 |  2.4
Long Blades    | 1 2 |  2.4
Axes           | 1 2 |  2.4
Maces & Flails | 1 2 |  2.4
Polearms       | 1 2 |  2.4
Staves         | 1 2 |  2.4
Ranged Weapons | 1 2 |  2.4
Throwing       | 1 2 |  2.4
Armour         | 1 2 |  2.4
Stealth        | 1 2 |  2.4
Shields        | 1 2 |  2.4
Spellcasting   | 1 2 |  2.4
Evocations     | 1 2 |  2.4
Conjurations   | 1 2 |  2.0
Hexes          | 1 2 |  2.0
Summonings     | 1 2 |  2.0
Necromancy     | 1 2 |  2.0
Translocations | 1 2 |  2.0
Fire Magic     | 1 2 |  2.0
Ice Magic      | 1 2 |  2.0
Air Magic      | 1 2 |  2.0
Earth Magic    | 1 2 |  2.0
Alchemy        | 1 2 |  2.0
Fighting       | 3 |  3.5
Dodging        | 5 |  5.2
Unarmed Combat | 7 |  7.0
Shapeshifting  | |  6.9

Action                     |  1- 3 |  4- 6 |  7- 9 || total
---------------------------+-------+-------+-------++-------
  Melee: Unarmed           |   103 |   118 |    13 ||   234
         Bite              |     7 |    12 |     1 ||    20
         Punch             |     3 |       |       ||     3
    Use: Scroll            |       |     1 |       ||     1
         Potion            |       |       |     2 ||     2
 Armour: Animal skin       |    13 |       |       ||    13
         Ring mail         |    47 |       |       ||    47
         Scale mail        |     9 |    43 |    11 ||    63
         Skin              |       |     4 |       ||     4
  Dodge: Dodged            |    67 |    50 |     5 ||   122
  Block: Buckler           |    19 |    22 |     1 ||    42
   Form: Beast             |     1 |     1 |       ||     2
         Flux              |     1 |     1 |       ||     2
